Map: [ESL] Crimson Court

Players

Cyan

  • Race: Protoss Protoss
  • Spawn Location: 1:00

Jieshi - Winner!

  • Race: Protoss Protoss
  • Spawn Location: 7:00

Event: ESL SC2 Masters 2024 Spring (Regional)

VOD

Have the link to the VOD?

Description

Time

  • Played on: April 17, 2024, 7:27 a.m.
  • Length: 10:02

All games in this series

Show
View Real Time Build Order
Export as new Build Order

Cyan Protoss 

Build Orders: Oracle Opening 

Get SALT Encoding   

  12  0:00  Probe  
  13  0:12  Probe  
  14  0:17  Pylon  
  14  0:24  Probe (Chrono Boost)  
  15  0:36  Probe (Chrono Boost), Gateway  
  16  0:44  Probe (Chrono Boost)  
  16  0:47  Assimilator  
  17  0:51  Probe  
  17  0:54  Assimilator  
  18  1:03  Probe (Chrono Boost)  
  19  1:07  Gateway  
  19  1:13  Probe (Chrono Boost)  
  19  1:18  Probe (Chrono Boost)  
  20  1:24  Cybernetics Core  
  21  1:29  Probe  
  22  1:33  Pylon  
  22  1:41  Probe  
  23  1:53  Probe  
  24  2:00  Adept  
  24  2:01  Warp Gate, Adept  
  28  2:05  Pylon  
  28  2:08  Probe  
  29  2:14  Pylon  
  29  2:22  Stargate  
  29  2:29  Probe  
  30  2:47  Nexus  
  30  2:52  Shield Battery  
  32  3:03  Stalker  
  32  3:04  Oracle (Chrono Boost)  
  34  3:08  Probe  
  36  3:13  Pylon  
  36  3:20  Probe  
  37  3:27  Twilight Council  
  37  3:32  Probe  
  38  3:38  Oracle (Chrono Boost)  
  41  3:44  Probe  
  42  3:56  Probe  
  42  3:59  Probe  
  44  4:08  Probe  
  43  4:10  Blink (Chrono Boost)  
  43  4:16  Probe (Chrono Boost)  
  42  4:19  Gateway  
  42  4:21  Gateway  
  43  4:25  Probe (Chrono Boost)  
  43  4:28  Probe (Chrono Boost)  
  43  4:29  Stalker  
  46  4:34  Probe (Chrono Boost)  
  46  4:35  Probe (Chrono Boost)  
  48  4:41  Stalker  
  48  4:42  Probe  
  48  4:44  Probe  
  52  4:54  Probe  
  52  4:57  Probe  
  54  5:01  Nexus  
  54  5:05  Stalker  
  54  5:06  Stalker, Probe  
  59  5:09  Probe  
  60  5:14  Pylon  
  60  5:17  Pylon  
  60  5:19  Shield Battery  
  60  5:24  Probe  
  60  5:26  Probe  
  60  5:27  Assimilator  
  62  5:29  Forge  
  62  5:33  Shield Battery  
  62  5:36  Stalker  
  62  5:39  Stalker  
  62  5:41  Probe  
  67  5:43  Probe  
  68  5:51  Stalker  
  68  5:53  Probe  
  68  5:54  Pylon  
  71  5:58  Protoss Ground Weapons Level 1 (Chrono Boost)  
  71  5:59  Stalker  
  71  6:01  Probe (Chrono Boost)  
  74  6:10  Probe (Chrono Boost)  
  76  6:12  Pylon  
  76  6:13  Probe (Chrono Boost)  
  76  6:16  Probe (Chrono Boost)  
  76  6:18  Probe (Chrono Boost)  
  78  6:19  Probe (Chrono Boost)  
  78  6:23  Sentry  
  78  6:24  Sentry, Stalker x2  
  78  6:25  Probe (Chrono Boost)  
  88  6:31  Pylon  
  90  6:32  Probe (Chrono Boost)  
  90  6:35  Probe (Chrono Boost)  
  90  6:38  Probe (Chrono Boost)  
  89  6:48  Stalker x2  
  89  6:49  Stalker x2  
  93  6:56  Gateway  
  93  6:59  Charge  
  93  7:03  Assimilator, Probe x2, Gateway x2  
  93  7:06  Gateway  
  93  7:07  Pylon  
  93  7:08  Pylon  
  95  7:13  Gateway  
  95  7:15  Pylon, Photon Cannon  
  95  7:16  Shield Battery  
  95  7:18  Stalker  
  97  7:22  Stalker  
  97  7:24  Probe  
  97  7:25  Probe  
  101  7:36  Stalker x2  
  105  7:38  Protoss Ground Weapons Level 2 (Chrono Boost)  
  105  7:42  Probe  
  106  7:47  Forge  
  106  7:53  Adept  
  106  7:54  Adept  
  106  7:57  Zealot, Stalker  
  114  7:59  Nexus  
  114  8:02  Pylon  
  114  8:03  Stalker  
  116  8:10  Pylon  
  116  8:14  Stalker x3  
  118  8:29  Probe  
  118  8:31  Pylon, Stalker x2  
  123  8:35  Pylon  
  123  8:36  Zealot x3  
  123  8:38  Pylon  
  123  8:40  Pylon  
  123  8:41  Zealot x3  
  134  8:42  Pylon  
  124  8:58  Zealot x2  
  124  9:01  Zealot x4  
  125  9:07  Nexus  
  121  9:15  Zealot x2  
  115  9:18  Stalker  
  115  9:20  Stalker  
  105  9:25  Stalker x3  
  109  9:34  Zealot  
  109  9:37  Stalker x2  
  99  9:42  Zealot  
  87  9:50  Stalker x5  
Show
View Real Time Build Order
Export as new Build Order

Jieshi Protoss - Winner!

Build Orders: Blink Stalkers 

Get SALT Encoding   

  12  0:00  Probe  
  13  0:12  Probe  
  14  0:17  Pylon  
  14  0:24  Probe (Chrono Boost)  
  16  0:37  Probe (Chrono Boost), Gateway  
  16  0:42  Probe (Chrono Boost)  
  16  0:46  Assimilator  
  17  0:51  Probe  
  17  0:54  Assimilator  
  18  1:03  Probe (Chrono Boost)  
  19  1:07  Gateway  
  19  1:12  Probe (Chrono Boost)  
  19  1:17  Probe (Chrono Boost)  
  20  1:24  Cybernetics Core  
  21  1:29  Probe  
  22  1:33  Pylon  
  22  1:41  Probe  
  23  1:53  Probe  
  24  2:00  Warp Gate (Chrono Boost)  
  28  2:12  Nexus  
  28  2:15  Sentry  
  26  2:16  Probe  
  26  2:20  Sentry  
  29  2:27  Pylon  
  29  2:31  Probe  
  30  2:43  Probe  
  31  2:45  Sentry  
  31  2:48  Shield Battery  
  31  2:50  Stalker  
  35  3:05  Twilight Council  
  36  3:07  Shield Battery  
  36  3:08  Probe  
  36  3:15  Pylon  
  36  3:23  Probe (Chrono Boost)  
  36  3:25  Probe (Chrono Boost)  
  39  3:35  Probe (Chrono Boost)  
  39  3:37  Probe (Chrono Boost)  
  39  3:40  Probe (Chrono Boost)  
  40  3:42  Stalker  
  40  3:45  Probe  
  40  3:47  Stalker  
  46  3:50  Blink (Chrono Boost)  
  46  3:52  Probe  
  47  3:58  Shield Battery  
  47  4:00  Probe  
  47  4:04  Probe  
  47  4:06  Stalker  
  48  4:15  Probe (Chrono Boost)  
  48  4:16  Probe (Chrono Boost)  
  49  4:19  Stalker  
  51  4:28  Probe (Chrono Boost)  
  51  4:31  Probe (Chrono Boost)  
  53  4:35  Probe (Chrono Boost)  
  53  4:37  Probe  
  53  4:41  Forge  
  53  4:46  Stalker  
  53  4:47  Stalker  
  53  4:48  Probe  
  53  4:49  Probe  
  59  5:01  Nexus  
  59  5:03  Pylon  
  59  5:04  Protoss Ground Weapons Level 1 (Chrono Boost)  
  59  5:05  Probe  
  59  5:06  Probe  
  61  5:13  Photon Cannon  
  61  5:18  Probe  
  62  5:23  Stalker  
  62  5:25  Probe  
  62  5:27  Stalker  
  67  5:31  Probe  
  68  5:36  Robotics Facility  
  68  5:37  Probe  
  69  5:43  Probe  
  69  5:46  Charge (Chrono Boost), Pylon  
  70  5:56  Gateway  
  70  6:04  Probe x2  
  70  6:05  Gateway  
  70  6:08  Gateway  
  70  6:10  Gateway  
  72  6:14  Probe  
  72  6:17  Probe x2  
  75  6:20  Photon Cannon  
  75  6:26  Observer, Probe  
  75  6:29  Probe x2  
  75  6:30  Gateway  
  79  6:33  Gateway  
  79  6:38  Probe  
  80  6:41  Stalker, Probe  
  80  6:42  Stalker  
  80  6:50  Probe  
  80  6:51  Warp Prism, Probe  
  80  6:52  Pylon  
  80  6:53  Probe  
  85  6:56  Pylon  
  85  7:00  Protoss Ground Weapons Level 2 (Chrono Boost)  
  85  7:03  Probe  
  85  7:06  Photon Cannon  
  85  7:07  Probe  
  87  7:09  Stalker x2  
  91  7:18  Pylon  
  91  7:21  Pylon  
  91  7:23  Pylon, Stalker x2  
  95  7:36  Stalker  
  97  7:37  Zealot x2  
  97  7:38  Zealot x3  
  107  7:45  Nexus  
  107  7:49  Pylon  
  107  7:54  Stalker x2  
  111  7:59  Pylon  
  111  8:00  Stalker  
  111  8:01  Zealot x2  
  117  8:10  Zealot  
  117  8:11  Observer  
  117  8:12  Zealot  
  121  8:13  Zealot  
  121  8:19  Probe x2  
  124  8:23  Zealot x2  
  124  8:31  Probe x2  
  124  8:33  Photon Cannon  
  126  8:35  Shield Battery  
  126  8:41  Stalker  
  126  8:42  Stalker x2  
  128  8:52  Stalker  
  128  8:53  Zealot x4  
  124  9:10  Zealot  
  124  9:11  Zealot x2  
  124  9:15  Stalker x2  
  114  9:23  Stalker  
  114  9:24  Zealot x2  
  114  9:30  Probe (Chrono Boost)  
  108  9:32  Zealot x3  
  108  9:34  Probe (Chrono Boost)  
  108  9:35  Probe x2 (Chrono Boost)  
  108  9:37  Observer  
  105  9:39  Probe (Chrono Boost)  
  93  9:46  Stalker  
  93  9:47  Zealot x2, Stalker x2  
  103  9:56  Zealot  
  103  9:57  Zealot x2  
Tags
 
Add a new tag
Caveats
  • Supply blocks, unpowered buildings, or Contaminate may cause inaccurate times.
  • Supply counts are checked every 10 seconds.